 Dungeon Crawl Stone Soup version 0.31-a0-986-g5e6e4ef867 (webtiles) character file.

Game seed: 16560445846885096941

77 Persephone the Changeling (level 4, -5/30 HPs)
             Began as an Octopode Shapeshifter on Nov 9, 2023.
             Slain by a goblin
             ... wielding a +0 club
             ... led by Robin
              (6 damage)
             ... on level 2 of the Dungeon.
             The game lasted 00:01:43 (1390 turns).

Persephone the Changeling (Octopode Shapeshifter)   Turns: 1390, Time: 00:01:43

Health: -5/30      AC:  1    Str: 15    XL:     4   Next: 33%
Magic:  4/4        EV: 13    Int: 12    God:
Gold:   74         SH:  0    Dex: 11    Spells: 3/3 levels left

rFire   . . .        f - +0 mace (protect)
rCold   . . .        (no shield)
rNeg    . . .        (helmet currently unavailable)
rPois   .            (no amulet)
rElec   .            (no ring)
rCorr   .            (no ring)
SInv    .            (no ring)
Will    .....        (no ring)
Stlth   ++           (no ring)
HPRegen 0.25/turn    (no ring)
MPRegen 0.09/turn    (no ring)
                     (no ring)

%: no passive effects
@: beast-form
A: beast (slay +2), almost no armour, amphibious, 8 rings, camouflage 1,
gelatinous body 1, (nimble swimmer 1), tentacles
a: Begin Untransformation


You were on level 2 of the Dungeon.
You were a hulking beast.
You visited 1 branch of the dungeon, and saw 2 of its levels.

You collected 74 gold pieces.

Inventory:

Hand Weapons
 f - a +0 mace of protection (weapon)
Jewellery
 j - a ring of wizardry
Talismans
 b - a beast talisman
 c - a flux talisman
Scrolls
 d - a scroll of teleportation {unknown}
 g - 2 scrolls of identify {unknown}
 i - a scroll of amnesia {unknown}
 l - a scroll of fog {unknown}
 m - a scroll of enchant armour {unknown}
Potions
 e - a potion of attraction {unknown}
 h - a potion of resistance {unknown}
 k - a potion of heal wounds {unknown}


   Skills:
 + Level 2.3 Fighting
 - Level 2.0 Dodging
 - Level 3.0 Unarmed Combat
 * Level 4.2 Shapeshifting


You had 3 spell levels left.
You didn't know any spells.
Your spell library contained the following spells:

 Spells                   Type           Power      Damage    Failure   Level
 Freeze                   Ice            0%         1d3       32%         1
 Summon Small Mammal      Summ           0%         N/A       32%         1
 Call Canine Familiar     Summ           0%         N/A       69%         3
 Frozen Ramparts          Ice            0%         1d1       69%         3
 Hailstorm                Conj/Ice       0%         3d3       69%         3
 Summon Guardian Golem    Hex/Summ       0%         N/A       69%         3


Dungeon Overview and Level Annotations

Branches:
Dungeon (2/15)

Altars:

Annotations:
D:2 Robin


Innate Abilities, Weirdness & Mutations

You are a hulking beast.
Your limbs bulge with bestial killing power. (Slay +2)
You cannot wear most types of armour.
You are amphibious.
You can wear up to eight rings at the same time.
Your skin changes colour to match your surroundings (Stealth+).
Your rubbery body absorbs attacks. (AC +1, EV +1)
((You are camouflaged when in or above water. (Stealth+)))
You have tentacles for arms and can constrict up to eight enemies at once.


Message History

The goblin is moderately wounded.
The goblin hits you but does no damage. The goblin hits you with a +0 club.
Robin throws the goblin at you!
You barely miss the goblin. Your grab misses the goblin.
Your squeeze misses the goblin.
The goblin is moderately wounded.
The goblin hits you with a +0 club. The goblin closely misses you. x2
Robin says, "Duck!"
The goblin barely misses you. The goblin hits you but does no damage.
A goblin comes into view. It is wielding a +0 dagger.
Robin barely misses you. The goblin closely misses you.
You miss the goblin.
The goblin shouts!
Your grab misses the goblin.
The goblin is moderately wounded.
The goblin closely misses you. The goblin barely misses you.
The goblin closely misses you.
You thump the goblin!
You kill the goblin!
The goblin no longer looks unusually strong. x2
The goblin barely misses you. x2; The goblin hits you with a +0 club.
* * * LOW HITPOINT WARNING * * *
The goblin completely misses you.
Robin roars a battlecry!
The goblins go into a battle-frenzy!
You swing at nothing.
The goblin barely misses you. The goblin hits you but does no damage.
You swing at nothing.
The goblin closely misses you. The goblin barely misses you.
Robin hits you from afar with a +0 spear.
* * * LOW HITPOINT WARNING * * *
You swing at nothing.
The goblin misses you. The goblin completely misses you. x2
The goblin barely misses you. Robin misses you.
You swing at nothing.
The goblin hits you but does no damage. The goblin misses you.
Robin says, "Bow before me, strongest of all the hobgoblins!"
You swing at nothing.
The goblin hits you with a +0 club.
* * * LOW HITPOINT WARNING * * *
The goblin hits you with a +0 club.
You die...

. # ..#.# ##.#.### #..#...#
#....#.# ...#####
###..#.#.## ...+....
..<.#....# ..# ### #
#.####..# #.) ..
###.#gg)hg..# #.#####
#...gg###g..# #......
#.##..# #...# #.###.<....
'#g..# #...# #..........
.g.... #...#######......
gg.g... #...# ..#........
#...g.....#...#.#.##.......
#...g.#######.#.#.##.......
#..... #.#......######


You could see Robin and 5 goblins.

Vanquished Creatures
  An adder (D:2)
  3 worms (D:2)
  5 bats
  4 endoplasms
  3 giant cockroaches (D:1)
  10 goblins
  5 hobgoblins
  2 jackals (D:1)
  8 kobolds
  A quokka (D:1)
  3 ball pythons
  6 frilled lizards
  2 rats (D:1)
53 creatures vanquished.

Notes
Turn   | Place    | Note
-------+----------+-------------------------------------------
     0 | D:1      | Persephone the Octopode Shapeshifter began the quest for
                  | the Orb.
     0 | D:1      | Reached XP level 1. HP: 13/13 MP: 1/1
   143 | D:1      | Reached XP level 2. HP: 18/18 MP: 2/2
   432 | D:1      | Reached XP level 3. HP: 21/24 MP: 3/3
   839 | D:2      | Reached skill level 4 in Shapeshifting
  1055 | D:2      | Reached XP level 4. HP: 29/29 MP: 4/4
  1346 | D:2      | Noticed Robin
  1390 | D:2      | HP: 1/30 [goblin/+0 club[Robin] (3)]
  1390 | D:2      | Slain by a goblin

Illustrated notes

Levels and vault maps discovered:
D:1:      spicycebolla_arrival_clurvy, layout_basic, chequers_decorated_corner,
          roderic_filled_cross, minmay_cupped
D:2:      minmay_spotlight, layout_basic, minmay_tiny_reverse_x, uniq_robin

Skill      XL: |  1  2  3 |
---------------+----------+-----
Fighting       | 2 |  2.3
Shapeshifting  | 4 |  4.2
Dodging        | |  2.0
Unarmed Combat | |  3.0

Action                     |  1- 3 |  4- 6 || total
---------------------------+-------+-------++-------
  Melee: Unarmed           |     9 |       ||     9
         Constrict         |    17 |     4 ||    21
         Mace              |    60 |    52 ||   112
         Tentacles         |    13 |       ||    13
         Punch             |     2 |     1 ||     3
    Use: Potion            |       |     1 ||     1
   Stab: Sleeping          |     9 |       ||     9
 Armour: Skin              |    30 |    84 ||   114
  Dodge: Dodged            |    47 |    48 ||    95

Table legend: (Time is in decaauts)
 A = Elapsed time spent in this place.
 B = Non-inter-level travel time spent in this place.
 C = Inter-level travel time spent in this place.
 D = Time resting spent in this place.
 E = Time spent auto-exploring this place.
 F = Levels seen in this place.
 G = Mean time per level.
                   A        B        C        D        E       F      G
               +--------+--------+--------+--------+--------+-----+--------+
         Total |   1435 |   1413 |     22 |      0 |   1045 |   2 |  717.5 |
       Dungeon |   1435 |   1413 |     22 |      0 |   1045 |   2 |  717.5 |
               +--------+--------+--------+--------+--------+-----+--------+

Top non-repeatable levels by time:
     D:2: 735 daAuts
     D:1: 699 daAuts
